TOP OF THE 1ST |
Crowley Cajuns batting - Pitching for Amarillo Warheads : LHP António Maldonado
|
Pitching: LHP António Maldonado
|
|
Batting: RHB Nick Brown
|
0-0: Swinging Strike 0-1: Ball 1-1: Called Strike 1-2: Strikes out swinging
|
Batting: RHB Martin Mills
|
0-0: Fly out, F9 (Line Drive, 9, EV 95.0 MPH)
|
Batting: RHB Domingo Gómez
|
0-0: Ball 1-0: Foul Ball, location: 2F 1-1: Foul Ball, location: 2F 1-2: Ball 2-2: Ball 3-2: Foul Ball, location: 2F 3-2: Fly out, F9 (Flyball, 9LD, EV 80.6 MPH)
|
Top of the 1st over - 0 runs, 0 hits, 0 errors, 0 left on base; Crowley 0 - Amarillo 0 |
BOTTOM OF THE 1ST |
Amarillo Warheads batting - Pitching for Crowley Cajuns : LHP Jaime Flores
|
Pitching: LHP Jaime Flores
|
|
Batting: LHB Terry Smith
|
0-0: Ball 1-0: Ball 2-0: Ground out U3 (Groundball, 3L, EV 85.6 MPH)
|
Batting: LHB Mario Ornelas
|
0-0: Ball 1-0: DOUBLE (Flyball, 8RD, EV 90.6 MPH)
|
Batting: SHB Ron Turner
|
0-0: Swinging Strike 0-1: Called Strike 0-2: Ball 1-2: Strikes out looking
|
Batting: LHB Richard Shepherd
|
0-0: Fly out, F9 (Line Drive, 89M, EV 94.4 MPH)
|
Bottom of the 1st over - 0 runs, 1 hit, 0 errors, 1 left on base; Crowley 0 - Amarillo 0 |
TOP OF THE 2ND |
Crowley Cajuns batting - Pitching for Amarillo Warheads : LHP António Maldonado
|
Batting: RHB Paco Hernández
|
0-0: Called Strike 0-1: Swinging Strike 0-2: Strikes out swinging
|
Batting: LHB Arturo Cortéz
|
0-0: Ground out 6-3 (Groundball, 6M, EV 91.2 MPH)
|
Batting: LHB Maru Kobayashi
|
0-0: Called Strike 0-1: Swinging Strike 0-2: Ball 1-2: Ball 2-2: Ball 3-2: Base on Balls
|
Batting: RHB Tommy Livingston
|
0-0: Ball 1-0: Ground out U3 (Groundball, 3L, EV 77.5 MPH)
|
Top of the 2nd over - 0 runs, 0 hits, 0 errors, 1 left on base; Crowley 0 - Amarillo 0 |
BOTTOM OF THE 2ND |
Amarillo Warheads batting - Pitching for Crowley Cajuns : LHP Jaime Flores
|
Batting: LHB Carl Gaston
|
0-0: Ball 1-0: Fly out, F8 (Flyball, 89M, EV 90.6 MPH)
|
Batting: LHB Mike Nelson
|
0-0: Ground out 6-3 (Groundball, 6M, EV 81.9 MPH)
|
Batting: LHB Francisco García
|
0-0: Called Strike 0-1: Swinging Strike 0-2: Strikes out swinging
|
Bottom of the 2nd over - 0 runs, 0 hits, 0 errors, 0 left on base; Crowley 0 - Amarillo 0 |
TOP OF THE 3RD |
Crowley Cajuns batting - Pitching for Amarillo Warheads : LHP António Maldonado
|
Batting: LHB Marcos Morales
|
0-0: SOLO HOME RUN (Flyball, 89XD, EV 96.9 MPH), Distance : 393 ft
|
Batting: RHB Yannick Bouwman
|
0-0: Fly out, F9 (Flyball, 9, EV 73.8 MPH)
|
Batting: RHB Nick Brown
|
0-0: Ball 1-0: Called Strike 1-1: Ball 2-1: Ground out 6-3 (Groundball, 6, EV 102.5 MPH)
|
Batting: RHB Martin Mills
|
0-0: Ball 1-0: Foul Ball, location: 2F 1-1: Swinging Strike 1-2: Strikes out swinging
|
Top of the 3rd over - 1 run, 1 hit, 0 errors, 0 left on base; Crowley 1 - Amarillo 0 |
BOTTOM OF THE 3RD |
Amarillo Warheads batting - Pitching for Crowley Cajuns : LHP Jaime Flores
|
Batting: LHB Tenho Rautee
|
0-0: Called Strike 0-1: Ground out 4-3 (Groundball, 4, EV 105.6 MPH)
|
Batting: RHB Ren-qing Hui
|
0-0: Ball 1-0: Ground out 6-3 (Groundball, 6, EV 86.2 MPH)
|
Batting: LHB Terry Smith
|
0-0: Ball 1-0: Foul Ball, location: 2F 1-1: Foul Ball, location: 2F 1-2: SINGLE (Line Drive, 9S, EV 111.2 MPH)
|
Batting: LHB Mario Ornelas
|
0-0: Ball 1-0: Swinging Strike 1-1: Called Strike Terry Smith is caught stealing 2nd base 2-6
|
Bottom of the 3rd over - 0 runs, 1 hit, 0 errors, 0 left on base; Crowley 1 - Amarillo 0 |
TOP OF THE 4TH |
Crowley Cajuns batting - Pitching for Amarillo Warheads : LHP António Maldonado
|
Batting: RHB Domingo Gómez
|
0-0: Ball 1-0: Ball 2-0: Fly out, F9 (Flyball, 9D, EV 87.5 MPH)
|
Batting: RHB Paco Hernández
|
0-0: Ball 1-0: DOUBLE (Line Drive, 89M, EV 95.6 MPH)
|
Batting: LHB Arturo Cortéz
|
0-0: Ball 1-0: SINGLE (Line Drive, 6D, EV 108.1 MPH) Paco Hernández to third
|
Batting: LHB Maru Kobayashi
|
0-0: Ball 1-0: Ball Wild Pitch! Paco Hernández scores Arturo Cortéz to second 2-0: SINGLE (Groundball, 6M, EV 95.0 MPH) Arturo Cortéz to third Runner from 3rd tries for Home, throw by CF and OUT! 8-2
|
Batting: RHB Tommy Livingston
|
0-0: Ball 1-0: Fielders Choice at 2nd, U4 (Groundball, 4M, EV 103.1 MPH)
|
Top of the 4th over - 1 run, 3 hits, 0 errors, 1 left on base; Crowley 2 - Amarillo 0 |
BOTTOM OF THE 4TH |
Amarillo Warheads batting - Pitching for Crowley Cajuns : LHP Jaime Flores
|
Batting: LHB Mario Ornelas
|
0-0: Ball 1-0: Ball 2-0: Ball 3-0: Foul Ball, location: 2F 3-1: Foul Ball, location: 2F 3-2: Base on Balls
|
Batting: SHB Ron Turner
|
0-0: Ball Mario Ornelas is caught stealing 2nd base 2-4 1-0: Foul Ball, location: 2F 1-1: Swinging Strike 1-2: Ball 2-2: Foul Ball, location: 2F 2-2: Ball 3-2: Strikes out swinging
|
Batting: LHB Richard Shepherd
|
0-0: Called Strike 0-1: Ball 1-1: Ball 2-1: Foul Ball, location: 2F 2-2: Strikes out swinging
|
Bottom of the 4th over - 0 runs, 0 hits, 0 errors, 0 left on base; Crowley 2 - Amarillo 0 |
TOP OF THE 5TH |
Crowley Cajuns batting - Pitching for Amarillo Warheads : LHP António Maldonado
|
Batting: LHB Marcos Morales
|
0-0: Called Strike 0-1: Ball 1-1: Foul Ball, location: 2F 1-2: Strikes out swinging
|
Batting: RHB Yannick Bouwman
|
0-0: Called Strike 0-1: Ball 1-1: Called Strike 1-2: Foul Ball, location: 2F 1-2: Ball 2-2: Foul Ball, location: 2F 2-2: Foul Ball, location: 2F 2-2: Foul Ball, location: 2F 2-2: Strikes out swinging, 2-3 out at first.
|
Batting: RHB Nick Brown
|
0-0: Foul Ball, location: 2F 0-1: Called Strike 0-2: Ball 1-2: Strikes out looking
|
Top of the 5th over - 0 runs, 0 hits, 0 errors, 0 left on base; Crowley 2 - Amarillo 0 |
BOTTOM OF THE 5TH |
Amarillo Warheads batting - Pitching for Crowley Cajuns : LHP Jaime Flores
|
Batting: LHB Carl Gaston
|
0-0: Ball 1-0: Swinging Strike 1-1: Ball 2-1: Called Strike 2-2: Strikes out swinging
|
Batting: LHB Mike Nelson
|
0-0: Foul Ball, location: 2F 0-1: Foul Ball, location: 2F 0-2: SINGLE (Groundball, 4MS, EV 69.4 MPH) (infield hit)
|
Batting: LHB Francisco García
|
0-0: Ball 1-0: Called Strike 1-1: Called Strike 1-2: Ball 2-2: Strikes out swinging
|
Batting: LHB Tenho Rautee
|
0-0: Called Strike 0-1: Ground out 5-3 (Groundball, 15, EV 85.0 MPH)
|
Bottom of the 5th over - 0 runs, 1 hit, 0 errors, 1 left on base; Crowley 2 - Amarillo 0 |
TOP OF THE 6TH |
Crowley Cajuns batting - Pitching for Amarillo Warheads : LHP António Maldonado
|
Batting: RHB Martin Mills
|
0-0: SINGLE (Groundball, 5S, EV 70.6 MPH) (infield hit)
|
Batting: RHB Domingo Gómez
|
0-0: Ball 1-0: Ball 2-0: Ball 3-0: Called Strike 3-1: SINGLE (Groundball, 3D, EV 93.8 MPH) Martin Mills to second Runner from 2nd tries for 3rd, SAFE, no throw by RF
|
Batting: RHB Paco Hernández
|
0-0: Called Strike 0-1: Ball 1-1: DOUBLE (Line Drive, 78D, EV 107.5 MPH) Martin Mills scores Domingo Gómez to third
|
Batting: LHB Arturo Cortéz
|
0-0: Called Strike 0-1: Ball 1-1: Foul Ball, location: 2F 1-2: Foul Ball, location: 2F 1-2: Strikes out swinging
|
Batting: LHB Maru Kobayashi
|
0-0: Ball 1-0: Called Strike 1-1: 3-RUN HOME RUN (Flyball, 9D, EV 93.1 MPH), Distance : 369 ft
|
Pitching: RHP Jen-djieh Li
|
|
Batting: RHB Tommy Livingston
|
0-0: Ball 1-0: Fly out, F7 (Flyball, 7, EV 89.4 MPH)
|
Batting: LHB Marcos Morales
|
0-0: Ball 1-0: Ball 2-0: Called Strike 2-1: Ground out 4-3 (Groundball, 4, EV 99.4 MPH)
|
Top of the 6th over - 4 runs, 4 hits, 0 errors, 0 left on base; Crowley 6 - Amarillo 0 |
BOTTOM OF THE 6TH |
Amarillo Warheads batting - Pitching for Crowley Cajuns : LHP Jaime Flores
|
Batting: RHB Ren-qing Hui
|
0-0: Called Strike 0-1: Foul Ball, location: 2F 0-2: Strikes out swinging
|
Batting: LHB Terry Smith
|
0-0: Ball 1-0: Ball 2-0: Called Strike 2-1: Swinging Strike 2-2: Ball 3-2: Foul Ball, location: 2F 3-2: Base on Balls
|
Batting: LHB Mario Ornelas
|
0-0: Ball 1-0: Called Strike 1-1: Swinging Strike 1-2: Fly out, F7 (Flyball, 7, EV 83.1 MPH)
|
Batting: SHB Ron Turner
|
0-0: Called Strike 0-1: Ball 1-1: Called Strike 1-2: Strikes out swinging
|
Bottom of the 6th over - 0 runs, 0 hits, 0 errors, 1 left on base; Crowley 6 - Amarillo 0 |
TOP OF THE 7TH |
Crowley Cajuns batting - Pitching for Amarillo Warheads : RHP Jen-djieh Li
|
Batting: RHB Henny Clerq
|
0-0: Ground out U3 (Groundball, 3, EV 83.8 MPH)
|
Batting: RHB Nick Brown
|
0-0: Swinging Strike 0-1: Foul Ball, location: 2F 0-2: Ball 1-2: Strikes out swinging, 2-3 out at first.
|
Batting: RHB Martin Mills
|
0-0: Called Strike 0-1: Fly out, F8 (Line Drive, 78M, EV 88.8 MPH)
|
Top of the 7th over - 0 runs, 0 hits, 0 errors, 0 left on base; Crowley 6 - Amarillo 0 |
BOTTOM OF THE 7TH |
Amarillo Warheads batting - Pitching for Crowley Cajuns : LHP Jaime Flores
|
Batting: LHB Richard Shepherd
|
0-0: Ball 1-0: Foul Ball, location: 2F 1-1: Ball 2-1: SINGLE (Line Drive, 9S, EV 90.6 MPH)
|
Batting: LHB Carl Gaston
|
0-0: Foul Ball, location: 2F 0-1: Foul Ball, location: 2F 0-2: Fly out, F9 (Flyball, 89M, EV 86.2 MPH)
|
Batting: LHB Mike Nelson
|
0-0: Called Strike 0-1: Ball 1-1: Swinging Strike 1-2: SINGLE (Groundball, 34S, EV 72.5 MPH) (infield hit) Richard Shepherd to second
|
Batting: LHB Francisco García
|
0-0: Ball 1-0: Ball 2-0: Ball 3-0: Called Strike 3-1: Fly out, F7 (Line Drive, 7LS, EV 93.8 MPH)
|
Batting: LHB Tenho Rautee
|
0-0: Called Strike 0-1: Foul Ball, location: 2F 0-2: Ball 1-2: Strikes out looking
|
Bottom of the 7th over - 0 runs, 2 hits, 0 errors, 2 left on base; Crowley 6 - Amarillo 0 |
TOP OF THE 8TH |
Crowley Cajuns batting - Pitching for Amarillo Warheads : RHP Jen-djieh Li
|
Batting: RHB Domingo Gómez
|
0-0: Ball 1-0: Foul Ball, location: 2F 1-1: Foul Ball, location: 2F 1-2: SINGLE (Groundball, 23, EV 70.6 MPH) (infield hit)
|
Batting: RHB Paco Hernández
|
0-0: Called Strike 0-1: Foul Ball, location: 2F 0-2: Ball 1-2: Strikes out looking
|
Batting: LHB Arturo Cortéz
|
0-0: Ball 1-0: Fly out, F8 (Flyball, 8RS, EV 76.2 MPH)
|
Batting: LHB Maru Kobayashi
|
0-0: Called Strike 0-1: Ball 1-1: Called Strike 1-2: Ball 2-2: Ball 3-2: Ground out U3 (Groundball, 3, EV 101.9 MPH)
|
Top of the 8th over - 0 runs, 1 hit, 0 errors, 1 left on base; Crowley 6 - Amarillo 0 |
BOTTOM OF THE 8TH |
Amarillo Warheads batting - Pitching for Crowley Cajuns : LHP Jaime Flores
|
Batting: RHB Ren-qing Hui
|
0-0: Fly out, F9 (Flyball, 9D, EV 105.0 MPH)
|
Batting: LHB Terry Smith
|
0-0: Ball 1-0: SINGLE (Groundball, 6D, EV 100.0 MPH)
|
Batting: LHB Mario Ornelas
|
0-0: Ball 1-0: SINGLE (Flyball, 5D, EV 88.8 MPH) Terry Smith to second
|
Pitching: RHP Brant Owens
|
|
Batting: SHB Ron Turner
|
0-0: Called Strike 0-1: Swinging Strike 0-2: Fly out, F7 (Flyball, 78D, EV 95.6 MPH) Runner from 2nd tags up, SAFE at 3rd with throw by LF
|
Batting: LHB Richard Shepherd
|
0-0: Foul Ball, location: 2F 0-1: Ball 1-1: Ball 2-1: Called Strike 2-2: Strikes out looking
|
Bottom of the 8th over - 0 runs, 2 hits, 0 errors, 2 left on base; Crowley 6 - Amarillo 0 |
TOP OF THE 9TH |
Crowley Cajuns batting - Pitching for Amarillo Warheads : RHP Jen-djieh Li
|
Pinch Hitting: SHB Dale Bland
|
0-0: Ball 1-0: Ball 2-0: Called Strike 2-1: SINGLE (Line Drive, 4D, EV 95.0 MPH)
|
Batting: LHB Marcos Morales
|
0-0: Ball 1-0: Called Strike 1-1: Foul Ball, location: 2F 1-2: Fielders Choice at 2nd, 4-6 (Groundball, 34, EV 83.8 MPH)
|
Batting: RHB Henny Clerq
|
0-0: Foul Ball, location: 2F 0-1: Fly out, F8 (Flyball, 8RD, EV 96.9 MPH)
|
Batting: RHB Nick Brown
|
0-0: Called Strike 0-1: Swinging Strike Pickoff Throw by Catcher to First - Out!
|
Top of the 9th over - 0 runs, 1 hit, 0 errors, 0 left on base; Crowley 6 - Amarillo 0 |
BOTTOM OF THE 9TH |
Amarillo Warheads batting - Pitching for Crowley Cajuns : RHP Brant Owens
|
Now at C: Woodrow Eldridge
|
|
Batting: LHB Carl Gaston
|
0-0: Called Strike 0-1: Ball 1-1: Swinging Strike 1-2: Ball 2-2: Foul Ball, location: 2F 2-2: Foul Ball, location: 2F 2-2: Foul Ball, location: 2F 2-2: Strikes out swinging
|
Batting: LHB Mike Nelson
|
0-0: Ball 1-0: Called Strike 1-1: Ball 2-1: SINGLE (Groundball, 34D, EV 100.0 MPH)
|
Pinch Hitting: RHB Lynn Sierra
|
0-0: Foul Ball, location: 2F 0-1: Called Strike 0-2: Ball 1-2: Reached on error, E9 (Line Drive, 9, EV 95.0 MPH) Mike Nelson to third
|
Batting: RHB Armando Serna
|
0-0: Swinging Strike 0-1: Ball 1-1: Called Strike 1-2: Ball 2-2: Ground out 6-3 (Groundball, 6, EV 108.1 MPH) Mike Nelson scores
|
Pinch Hitting: RHB Ji-man Chong
|
0-0: Ball 1-0: Ball 2-0: Foul Ball, location: 2F 2-1: Ground out U3 (Groundball, 3L, EV 78.8 MPH)
|
Bottom of the 9th over - 1 run, 1 hit, 1 error, 1 left on base; Crowley 6 - Amarillo 1 |
|